 Dungeon Crawl Stone Soup version 0.26.0-5-gb5863c6483 (webtiles) character file.

Game seed: 1371049360845116155

23929 Fulmax the Fighter (level 13, 0/130 HPs)
             Began as a Gargoyle Gladiator on Jan 10, 2021.
             Was the Champion of Okawaru.
             Slain by a six-headed hydra (3 damage)
             ... on level 13 of the Dungeon.
             The game lasted 00:43:35 (12112 turns).

Fulmax the Fighter (Gargoyle Gladiator)            Turns: 12112, Time: 00:43:36

Health: 0/130      AC: 26    Str: 24    XL:     13   Next: 9%
Magic:  21/21      EV:  2    Int:  8    God:    Okawaru [******]
Gold:   837        SH:  6    Dex: 23    Spells: 12/12 levels left

rFire    . . .     SeeInvis .   z - +2 flail (vorpal)
rCold    . . .     Faith    .   G - +0 buckler {reflect}
rNeg     + + +     Spirit   .   (armour currently unavailable)
rPois    ∞         Reflect  +   (helmet currently unavailable)
rElec    .         Harm     .   (cloak currently unavailable)
rCorr    .         Rampage  .   (gloves currently unavailable)
Will     .....     NoTele   +   (boots currently unavailable)
Stlth    ++........             n - amulet of the acrobat
HPRegen  0.31/turn              L - +6 ring of dexterity
MPRegen  0.17/turn              E - +6 ring of dexterity

@: tree-form
A: negative energy resistance 1, petrification resistance, miasma immunity, AC
+9
a: Renounce Religion, Heroism, Finesse


You were on level 13 of the Dungeon.
You worshipped Okawaru.
Okawaru was exalted by your worship.
You were a tree.
You visited 1 branch of the dungeon, and saw 13 of its levels.

You collected 837 gold pieces.

Inventory:

Hand Weapons
 y - the +7 Singing Sword {vorpal, sonic wave}
   (You found it on level 5 of the Dungeon)

   It inflicts extra damage upon your enemies.
 z - a +2 vorpal flail (weapon)
 D - a +4 morningstar
Missiles
 d - 3 throwing nets (quivered)
Armour
 c - a +0 helmet (melded)
 G - a +0 buckler of reflection (worn)
 K - a +1 pair of gloves of strength (melded)
 M - a +1 plate armour of poison resistance (melded)
 N - a +0 pair of boots of rampaging (melded)
 P - a +0 kite shield
Jewellery
 n - an amulet of the acrobat (around neck)
 E - a +6 ring of dexterity (right branch)
 L - a +6 ring of dexterity (left branch)
Wands
 m - a wand of iceblast (8)
 A - a wand of flame (15)
 F - a wand of random effects (54)
 O - a wand of paralysis (11)
Scrolls
 a - a scroll of brand weapon {unknown}
 b - a scroll of blinking
 e - 5 scrolls of identify
 f - 2 scrolls of enchant weapon
 g - 8 scrolls of fog
 h - 5 scrolls of teleportation
 i - a scroll of vulnerability {unknown}
 p - 5 scrolls of fear
 r - 4 scrolls of immolation {unknown}
 u - 8 scrolls of remove curse
 v - 2 scrolls of enchant armour
 H - a scroll of summoning {unknown}
 J - 2 scrolls of random uselessness {unknown}
Potions
 j - a potion of cancellation
 l - 6 potions of curing
 o - 3 potions of flight
 q - 3 potions of haste
 s - 2 potions of attraction
 t - 2 potions of lignification
 w - 2 potions of heal wounds
 x - a potion of brilliance
 I - a potion of resistance


   Skills:
 + Level 12.8 Fighting
 + Level 8.9 Long Blades
 - Level 8.0 Maces & Flails
 - Level 1.7 Throwing
 - Level 8.0 Armour
 - Level 2.4 Dodging
 + Level 4.9 Shields
 + Level 11.5 Invocations


You had 12 spell levels left.
You didn't know any spells.
Your spell library contained the following spells:

 Spells                   Type           Power        Failure   Level
 Animate Skeleton         Necr           0%           41%         1
 Pain                     Necr           0%           41%         1
 Poisonous Vapours        Pois/Air       0%           54%         2
 Conjure Flame            Conj/Fire      0%           78%         3
 Mephitic Cloud           Conj/Pois/Air  0%           78%         3
 Vampiric Draining        Necr           0%           78%         3
 Animate Dead             Necr           0%           99%         4
 Agony                    Necr           0%           100%        5
 Freezing Cloud           Conj/Ice/Air   0%           100%        6
 Malign Gateway           Summ/Tloc      0%           100%        7
 Monstrous Menagerie      Summ           0%           100%        7
 Summon Greater Demon     Summ           0%           100%        7
 Summon Horrible Things   Summ           0%           100%        8


Dungeon Overview and Level Annotations

Branches:
Dungeon (13/15)            Temple (0/1) D:5            Lair (0/6) D:11
    Orc (0/2) D:9
 Vaults: D:13-14

Altars:
Ashenzari
Cheibriados
Dithmenos
Elyvilon
Hepliaklqana
Kikubaaqudgha
Makhleb
Nemelex Xobeh
Okawaru
Ru
Uskayaw
Xom
Yredelemnul
The Shining One

Shops:
D:9 ?


Innate Abilities, Weirdness & Mutations

You are resistant to torment.
((Your stone body is resilient. (AC +9)))
You are immune to poison.
You resist negative energy. (rN+)
((You are resistant to electric shocks. (rElec)))
((You can survive without breathing.))
You are immune to petrification.
You are immune to miasma.


Message History

You turn into a tree.
Your +0 helmet melds into your body.
Your +1 pair of gloves of strength melds into your body.
Your +0 pair of boots of rampaging melds into your body.
Your +1 plate armour of poison resistance melds into your body.
You feel weaker.
You no longer feel able to rampage towards enemies.
Your roots penetrate the ground.
A centaur comes into view.
The boulder beetle hits you!!
* * * LOW HITPOINT WARNING * * *
The boulder beetle stops rolling and uncurls.
The six-headed hydra bites you but does no damage. x2
The six-headed hydra bites you.
* * * LOW HITPOINT WARNING * * *
The six-headed hydra bites you.
* * * LOW HITPOINT WARNING * * *
The six-headed hydra bites you!
* * * LOW HITPOINT WARNING * * *
The six-headed hydra bites you.
You die...

. . #. #. # .#.#
##.#.#### #)#.#...#
#♣.#?#.)# ##DB.#$#.
#...○.#.# #
#c#))#°#.#.#
..##.##...#.
...#...##.#...'.#
..#.##..##.#.#.#.#
#.. . .###..#.#.#
#..#####.†#))...###


You could see a boulder beetle, a six-headed hydra and a centaur.

Vanquished Creatures
  Snorg (D:10)
  A hydra (D:13)
  A great orb of eyes (D:13)
  2 boulder beetles (D:11)
  2 centaur warriors (D:13)
  A catoblepas (D:10)
  2 two-headed ogres (D:8)
  A tengu warrior (D:13)
  A skeletal warrior (D:13)
  3 unseen horrors
  3 ugly things
  2 deep elf magi (D:13)
  A manticore (D:12)
  Maggie (D:6)
  A komodo dragon (D:11)
  A redback zombie (D:11)
  A kobold demonologist (D:11)
  4 slime creatures (D:13)
  A basilisk (D:12)
  A yak (D:13)
  A yak (shapeshifter) (D:13)
  A steam dragon (D:9)
  Edmund (D:6)
  2 water moccasins (D:11)
  8 orc warriors
  A sky beast (shapeshifter) (D:13)
  2 black bears (D:11)
  3 ogres
  2 phantoms
  4 eyes of draining
  6 ice beasts
  3 necrophages
  7 centaurs
  Blork the orc (D:5)
  3 big kobolds (D:11)
  9 bullfrogs
  A wyvern zombie (D:12)
  2 wyvern skeletons
  10 scorpions
  2 killer bees (D:13)
  A troll skeleton (D:11)
  11 wights
  5 spriggan skeletons (D:11)
  3 howler monkeys
  4 quasits
  2 bullfrog zombies
  2 centaur zombies
  Crazy Yiuf (D:2)
  8 orc priests
  4 centaur skeletons
  8 hounds
  5 jellies
  19 orc wizards
  Jessica (D:3)
  Ijyb (D:3)
  5 iguanas
  19 worker ants
  2 killer bee zombies
  A hound zombie (D:6)
  A hound skeleton (D:5)
  A worker ant zombie (D:8)
  A howler monkey zombie (D:5)
  3 gnolls (D:6)
  23 adders
  3 shadow imps (D:8)
  6 white imps
  2 oozes
  2 worms
  3 dart slugs
  8 leopard geckos
  57 orcs
  8 giant cockroaches
  3 goblins
  7 hobgoblins
  24 jackals
  8 kobolds
  2 ball pythons
  9 bats
  4 frilled lizards
  A jackal skeleton (D:7)
  2 leopard gecko zombies
  A quokka skeleton (D:5)
  3 rats
384 creatures vanquished.

Vanquished Creatures (others)
  47 fungi
  53 plants
100 creatures vanquished.

Grand Total: 484 creatures vanquished

Notes
Turn   | Place    | Note
-------+----------+-------------------------------------------
     0 | D:1      | Fulmax the Gargoyle Gladiator began the quest for the Orb.
     0 | D:1      | Reached XP level 1. HP: 12/12 MP: 1/1
   213 | D:1      | Reached XP level 2. HP: 16/18 MP: 2/2
   526 | D:1      | Reached skill level 3 in Fighting
   623 | D:1      | Reached XP level 3. HP: 23/23 MP: 3/3
  1009 | D:2      | Found a sacrificial altar of Ru.
  1154 | D:2      | Found a runed translucent door.
  1155 | D:2      | Noticed Crazy Yiuf
  1164 | D:2      | Killed Crazy Yiuf
  1165 | D:2      | Reached XP level 4. HP: 17/29 MP: 4/4
  1515 | D:2      | Reached skill level 4 in Fighting
  1636 | D:2      | Reached XP level 5. HP: 33/33 MP: 5/5
  2112 | D:3      | Noticed Ijyb
  2136 | D:3      | Killed Ijyb
  2560 | D:3      | Reached skill level 5 in Maces & Flails
  2603 | D:3      | Reached XP level 6. HP: 40/40 MP: 6/6
  2626 | D:3      | Noticed Jessica
  2630 | D:3      | Killed Jessica
  2631 | D:3      | Reached skill level 5 in Fighting
  3182 | D:3      | HP: 2/40 [ogre/+0 giant club (14)]
  3194 | D:3      | Reached XP level 7. HP: 6/45 MP: 7/7
  3458 | D:4      | Reached skill level 6 in Fighting
  3640 | D:4      | Found an iron altar of Okawaru.
  3699 | D:4      | Became a worshipper of Warmaster Okawaru
  4012 | D:5      | Entered Level 5 of the Dungeon
  4133 | D:5      | Reached skill level 1 in Invocations
  4453 | D:5      | Found a sparkling altar of Nemelex Xobeh.
  4644 | D:5      | Found a white marble altar of Elyvilon.
  4697 | D:5      | Reached XP level 8. HP: 52/52 MP: 9/9
  4741 | D:5      | Found a staircase to the Ecumenical Temple.
  4810 | D:5      | Reached * piety under Okawaru
  4811 | D:5      | Reached skill level 7 in Fighting
  4885 | D:5      | Found the +7 Singing Sword {vorpal, sonic wave}
  4952 | D:5      | Found a basalt altar of Yredelemnul.
  5293 | D:6      | Noticed Blork the orc
  5301 | D:5      | Killed Blork the orc
  5308 | D:6      | Noticed Maggie
  5315 | D:6      | Killed Maggie
  5315 | D:6      | Reached ** piety under Okawaru
  5316 | D:6      | Reached skill level 8 in Fighting
  5410 | D:6      | Noticed Edmund
  5419 | D:6      | Reached skill level 1 in Armour
  5419 | D:6      | Reached skill level 5 in Invocations
  5419 | D:6      | Reached XP level 9. HP: 56/59 MP: 12/12
  5428 | D:6      | Killed Edmund
  5585 | D:6      | Found a shadowy altar of Dithmenos.
  5786 | D:6      | Found a hazy altar of Hepliaklqana.
  6177 | D:7      | Reached *** piety under Okawaru
  6461 | D:7      | Reached skill level 1 in Long Blades
  6727 | D:7      | Found a broken altar of Ashenzari.
  7086 | D:7      | Found a snail-covered altar of Cheibriados.
  7270 | D:8      | Noticed a two-headed ogre
  7275 | D:8      | Killed a two-headed ogre
  7275 | D:8      | Reached **** piety under Okawaru
  7275 | D:8      | Received a gift from Okawaru
  7276 | D:8      | Reached skill level 9 in Fighting
  7276 | D:8      | Reached skill level 5 in Armour
  7276 | D:8      | Reached XP level 10. HP: 66/66 MP: 15/15
  7556 | D:8      | Found a burning altar of Makhleb.
  7707 | D:8      | Noticed a two-headed ogre
  7712 | D:8      | Killed a two-headed ogre
  7712 | D:8      | Reached ***** piety under Okawaru
  7934 | D:8      | Found a hide-covered altar of Uskayaw.
  8046 | D:8      | Found a shimmering altar of Xom.
  8345 | D:9      | Reached skill level 10 in Fighting
  8643 | D:9      | Found Icvumuumof's Magic Scroll Emporium.
  8859 | D:9      | Found an ancient bone altar of Kikubaaqudgha.
  8900 | D:9      | Found a glowing golden altar of the Shining One.
  8953 | D:9      | Found a staircase to the Orcish Mines.
  8997 | D:9      | Reached XP level 11. HP: 72/72 MP: 17/17
  9141 | D:10     | Entered Level 10 of the Dungeon
  9157 | D:10     | Noticed a catoblepas
  9162 | D:10     | Noticed Snorg
  9164 | D:10     | Killed a catoblepas
  9165 | D:10     | Reached skill level 5 in Long Blades
  9176 | D:10     | Killed Snorg
  9304 | D:10     | Received a gift from Okawaru
  9459 | D:10     | You fall into a shaft and drop 2 floors!
  9503 | D:12     | Noticed a manticore
  9521 | D:12     | Killed a manticore
  9796 | D:12     | Reached skill level 11 in Fighting
  9955 | D:12     | Noticed a red ugly thing
  9961 | D:12     | Killed a red ugly thing
 10073 | D:11     | Noticed a sixfirhy
 10082 | D:11     | Noticed a cyan ugly thing
 10091 | D:11     | Noticed a boulder beetle
 10092 | D:11     | Killed a cyan ugly thing
 10099 | D:11     | Killed a boulder beetle
 10101 | D:11     | Reached skill level 10 in Invocations
 10137 | D:11     | Noticed a purple ugly thing
 10153 | D:11     | Killed a purple ugly thing
 10168 | D:11     | Reached XP level 12. HP: 78/81 MP: 19/19
 10188 | D:11     | Found a staircase to the Lair.
 10263 | D:11     | Reached skill level 12 in Fighting
 10377 | D:11     | Noticed a boulder beetle
 10387 | D:11     | Killed a boulder beetle
 11153 | D:12     | Reached ****** piety under Okawaru
 11154 | D:12     | Reached skill level 1 in Shields
 11973 | D:13     | Noticed a centaur warrior
 11979 | D:13     | Killed a centaur warrior
 11979 | D:13     | Received a gift from Okawaru
 12029 | D:13     | Noticed a great orb of eyes
 12029 | D:13     | Noticed an eight-headed hydra
 12032 | D:13     | Paralysed by a great orb of eyes for 4 turns
 12045 | D:13     | Killed an eight-headed hydra
 12052 | D:13     | Killed a great orb of eyes
 12090 | D:13     | Noticed a centaur warrior
 12091 | D:13     | Noticed a tengu warrior
 12095 | D:13     | Killed a tengu warrior
 12095 | D:13     | Killed a centaur warrior
 12096 | D:13     | Reached XP level 13. HP: 56/87 MP: 21/21
 12112 | D:13     | HP: 3/130 [six-headed hydra (8)]
 12112 | D:13     | Slain by a six-headed hydra

Illustrated notes

Levels and vault maps discovered:
D:1:      dpeg_arrival_lava_altar, layout_loops_cross, st_stairs_10
D:2:      layout_basic, nicolae_overflow_crystal_walls, uniq_crazy_yiuf_cottage
D:3:      layout_basic, uniq_ijyb, uniq_jessica
D:4:      layout_rooms, kennysheep_little_box
D:5:      old_forge, layout_loops_ring, kennysheep_ying_yang,
          nemelex_xobeh_ov_fountains_minmay, minmay_temple_entry_fiery
D:6:      layout_rooms, grunt_dithmenos_smoke, nzn_hepliaklqana_mist_gate,
          uniq_blork_the_orc, uniq_maggie, uniq_edmund
D:7:      layout_basic, nicolae_ashenzari_panopticon, slow_altar_2
D:8:      layout_gridville, marbit_many_paths, lemuel_doored_altar,
          general_overflow_altar
D:9:      layout_roguey, lemuel_coloured_pillars_altar, tso_oasis_becter,
          hiddenorc1_lemuel, serial_shops, nicolae_shop_crystal
D:10:     layout_cave_pools, uniq_snorg
D:11:     layout_roguey, due_lair_maze_entry_diamond, hangedman_tell_no_tales
D:12:     layout_stronghold
D:13:     layout_rooms, david_vaults_4, minmay_shattered_shrine

Skill      XL: |  1  2  3  4  5  6  7  8  9 10 11 12 |
---------------+-------------------------------------+-----
Fighting       | 3 4 5 6 8 9 10 11 12 | 12.8
Maces & Flails | 4 5 6 7 8 |  8.0
Invocations    | 2 5 7 8 10 11 | 11.5
Armour         | 1 5 7 8 |  8.0
Long Blades    | 2 4 6 8 |  8.9
Shields        | 4 |  4.9
Throwing       | |  1.7
Dodging        | |  2.4

Action                   |  1- 3 |  4- 6 |  7- 9 | 10-12 | 13-15 || total
-------------------------+-------+-------+-------+-------+-------++-------
Melee: Flail             |    77 |    28 |   211 |     6 |     3 ||   325
       Mace              |       |   186 |       |       |       ||   186
       Double sword      |       |       |   124 |   317 |     9 ||   450
  Use: Scroll            |       |    14 |     4 |     3 |       ||    21
       Potion            |       |     2 |       |     4 |     1 ||     7
Armor: Plate armour      |    50 |   227 |   278 |   301 |    16 ||   872
       Skin              |       |       |       |       |     2 ||     2
Dodge: Dodged            |    34 |    95 |   152 |   199 |     6 ||   486
Block: Kite shield       |       |       |       |    46 |       ||    46
       Buckler           |       |       |       |     5 |     5 ||    10
       Rpst.: Double sword |       |       |    16 |    38 |       ||    54
